Unix NetHack Version 5.0.0-0 post-release - last build Jun 10 2026 00:39:30 (3ee93aec679c4c4259841fe613dc97188e26a321,branch:main).

Game began 2026-07-07 19:55:21, ended 2026-07-07 20:00:26.

DaveT, lawful male human Priest

                                  -----                      ------
                                  |...|                      |....|
                                 #|...+        ------       #.....|
                                 #-...|        |....|     ###|....|
                         |       #|..<|        |...^|   #####-....|
                         |....  ##-----   # ###......######  ------
                         +       ############# ------
                                   #         #
                                             #
                                             ###
                                               #
                                              ###
                                               #    ----.----
                                               #    |........#
                                               #####-.%.....|###  ------------
                                                    |.......|  ###-@?*%]%./)?|
                                                    |...>...|     |.[)?%)%?.=|
                                                    |.......|     |+@m%[)(?.!|
                                                    ---------     ------------

DaveT the Acolyte            St:14 Dx:10 Co:11 In:11 Wi:18 Ch:11  Lawful
Dlvl:3  $:0  HP:0(22) Pw:32(32) AC:7  Xp:3 T:1015 

Latest messages:
 You see here a scroll labeled THARR (for sale, 80 zorkmids).
 You see here a pronged polearm (for sale, 7 zorkmids).
 You see here a scroll labeled VELOX NEB (for sale, 100 zorkmids).
 You see here a gold ring (for sale, 100 zorkmids).
 You see here a puce potion (for sale, 200 zorkmids).
 You see here a cursed scroll labeled GHOTI (for sale, 50 zorkmids).
 You see here a whistle (for sale, 13 zorkmids).
 You see here a crude bow (for sale, 93 zorkmids).
 You see here a cursed plate mail (for sale, 600 zorkmids).
 You see here a pancake (for sale, 15 zorkmids).
 You see here a runed spear (for sale, 3 zorkmids).
 You drop a spellbook of detect unseen.
 Maganasipi offers 150 gold pieces for your spellbook of detect unseen.  Sell it? [ynaq] (n) y
 You sold a spellbook of detect unseen for 150 gold pieces.
 You drop a spellbook of protection.
 Maganasipi offers 50 gold pieces for your spellbook of protection.  Sell it? [ynaq] (n) y
 You sold a spellbook of protection for 50 gold pieces.
 You drop a turquoise spellbook.
 Maganasipi offers 100 gold pieces for your turquoise spellbook.  Sell it? [ynaq] (n) y
 You sold a turquoise spellbook for 100 gold pieces.
 You bought a concave amulet for 200 gold pieces.
 You bought a stethoscope for 75 gold pieces.
 "Thank you for shopping in Maganasipi's general store!"
 What do you want to put on? [w or ?*] w
 w - a concave amulet (being worn).
 That strange object is a large mimic!
 You hit the large mimic!
 You hit the large mimic!
 You miss the large mimic.
 The large mimic hits!
 You miss the large mimic.
 You miss the large mimic.
 You miss the large mimic.
 The large mimic hits!
 You hit the large mimic.
 #o: unknown extended command.
 Are you sure you want to pray? [yn] (n) y
 You begin praying to Mitra.
 You are surrounded by a shimmering light.
 The large mimic loosens its grip slightly.
 The large mimic loosens its grip slightly.
 You finish your prayer.
 You feel that Mitra is well-pleased.
 You miss the large mimic.
 You miss the large mimic.
 The large mimic hits!
 You die...
 Maganasipi comes and takes all your possessions.
 Do you want to see what you had when you died? [ynq] (y) y
 Do you want to see your attributes? [ynq] (y) q

Inventory:
 Amulets  ('"')
  w - an amulet of unchanging (being worn)
 Weapons  (')')
  s - a +0 crossbow
  a - a blessed +1 mace (weapon in right hand)
 Armor    ('[')
  c - a +0 small shield (being worn)
  b - a +0 robe (being worn)
 Comestibles  ('%')
  e - a clove of garlic
  p - 2 food rations
  f - a sprig of wolfsbane
  o - an egg
 Scrolls  ('?')
  t - a cursed scroll of confuse monster
  l - a cursed scroll of taming
 Potions  ('!')
  d - 4 potions of holy water
 Tools    ('(')
  n - a brass lantern
  v - a magic marker (0:75)
  i - a magic marker (0:22)
  u - a skeleton key
  x - a stethoscope
  q - a cursed tin whistle
  r - a tinning kit (0:83)
 Gems/Stones  ('*')
  m - a worthless piece of white glass

DaveT the Priest's attributes:

Background:
 You were an Acolyte, a level 3 human Priest.
 You were lawful, on a mission for Mitra
 who was opposed by Crom (neutral) and Set (chaotic).
 You were right-handed.
 You were in the Dungeons of Doom, on level 3.
 You entered the dungeon 1015 turns ago.
 You had 40 experience points, 40 more were needed to attain level 4.

Basics:
 You had 0 out of 22 hit points.
 You had all 32 energy points (spell power).
 Your armor class was 7.
 Your wallet was empty.
 Autopickup was off.

Final Characteristics:
 Your strength was 14 (limit:18/100).
 Your dexterity was 10 (limit:18).
 Your constitution was 11 (limit:18).
 Your intelligence was 11 (limit:18).
 Your wisdom was 18 (limit:18).
 Your charisma was 11 (limit:18).

Final Status:
 You were held by a large mimic (east).
 You weren't hungry.
 You were unencumbered.
 You were wielding a mace.
 You had basic skill with mace.

Final Attributes:
 You were devoutly aligned.
 You were guarded.
 Your spell casting was enhanced by wearing a robe.
 You couldn't change from your current form.
 You are dead.

Miscellaneous:
 You didn't encounter any bones levels.
 Total elapsed playing time was 5 minutes and 4 seconds.

Major events:
 Turn
    1: DaveT the lawful human Priest entered the dungeon
  936: entered the Gnomish Mines
  983: attained the rank of Acolyte (level 3)
 1015: killed by a large mimic

Spells:
 Name                 Level Category     Fail Retention
 protection             1   clerical       0%  91%-100%
 detect unseen          3   divination    74%  76%-100%

Skills:
 Fighting Skills
   bare handed combat [Unskilled]
 Weapon Skills
   club               [Unskilled]
   mace               [Basic]
   morning star       [Unskilled]
   flail              [Unskilled]
   hammer             [Unskilled]
   quarterstaff       [Unskilled]
   polearms           [Unskilled]
   spear              [Unskilled]
   trident            [Unskilled]
   lance              [Unskilled]
   bow                [Unskilled]
   sling              [Unskilled]
   crossbow           [Unskilled]
   dart               [Unskilled]
   shuriken           [Unskilled]
   boomerang          [Unskilled]
   unicorn horn       [Unskilled]
 Spellcasting Skills
   healing spells     [Unskilled]
   divination spells  [Unskilled]
   clerical spells    [Basic]

Voluntary challenges:
 Character rerolling was not enabled.
 You were illiterate.
 You never genocided any monsters.
 You never polymorphed an object.
 You never changed form.
 You used no wishes.
Achievements:
 You entered a shop.
 You entered the Gnomish Mines.
 You attained the rank of Acolyte.

 The Dungeons of Doom: levels 1 to 3
    Level 1: "vault"
       A fountain.
    Level 2: "vault door in NW"
       A potion shop, a fountain.
    Level 3: <- You were here.
       A general store.
       Stairs down to The Gnomish Mines.
       Final resting place for
          you, killed by a large mimic.
 The Gnomish Mines:
    Level 4:


Vanquished creatures:
 an acid blob
  a coyote
  a brown mold
  a jackal
  a goblin
  4 grid bugs
  5 lichens
  2 kobold zombies
  a newt
17 creatures vanquished.

No species were genocided or became extinct.

Game over:
                       ----------
                      /          \
                     /    REST    \
                    /      IN      \
                   /     PEACE      \
                  /                  \
                  |      DaveT       |
                  |       0 Au       |
                  |   killed by a    |
                  |   large mimic    |
                  |                  |
                  |                  |
                  |       2026       |
                 *|     *  *  *      | *
        _________)/\\_//(\/(/\)/\//\/|_)_______

Goodbye DaveT the Priest...

You died in The Dungeons of Doom on dungeon level 3 with 310 points,
and 0 pieces of gold, after 1015 moves.
You were level 3 with a maximum of 22 hit points when you died.

